[Event "Early-Titled-Tuesday-Blitz-February-27-2024"]
[Site "Chess.com"]
[Date "2024.02.27"]
[Round "5"]
[White "sorch29"]
[Black "sewlins"]
[Result "1/2-1/2"]
[WhiteElo "2411"]
[BlackElo "2161"]
[TimeControl "180+1"]
[EndTime "8:55:23 PST"]
[Termination "Game drawn - timeout vs insufficient material"]

1. d4 Nf6 2. c4 e6 3. Nc3 Bb4 4. e3 O-O 5. Bd3 c5 6. Ne2 cxd4 7. exd4 d5 8. cxd5 Nxd5 9. O-O Nc6 10. a3 Be7 11. Bc2 Bf6 12. Qd3 g6 13. Bh6 Re8 14.
Rad1 Nce7 15. Ne4 Bh8 16. Bg5 Qb6 17. b4 Bd7 18. Qf3 Bc6 19. Qh3 Nf5 20. Nc5 a5 21. bxa5 Rxa5 22. a4 Nxd4 23. Nxd4 Rxc5 24. Be4 Nf4 25.
Qf3 Bxe4 26. Qxe4 Nh3+ 27. gxh3 Rxg5+ 28. Kh1 Re5 29. Qf3 Rd8 30. Nb5 Red5 31. Rxd5 exd5 32. Rd1 d4 33. Kg2 Qc5 34. h4 Qc4 35. Qxb7 Qxa4 36. Re1 d3 37. Re7 Qc4 38. Rxf7 Qxf7 39. Qe4 Qd5 40. Nd6 Qxe4+ 41. Nxe4 d2 42. Nxd2 Rxd2 43.
Kf3 Bd4 44. Ke4 Bxf2 45. h5 Be1 46. h3 Rh2 47. hxg6 Rxh3 48. gxh7+ Kxh7 49. Kf5 Bh4 50. Ke6 Rh1 51. Kd7 Bf6 52. Kc8 Kg6 53. Kd7 Kf7 54. Kd6 Re1 55. Kd5 Be7 56. Kc4 Kf6 57. Kd3 Ke5 58. Kd2 Bb4+ 59. Kd3 Rd1+ 60. Ke2 Rd2+ 61. Ke3 1/2-1/2

[Event "Early-Titled-Tuesday-Blitz-February-27-2024"]
[Site "Chess.com"]
[Date "2024.02.27"]
[Round "5"]
[White "sergoy"]
[Black "AlexTruskavetsky"]
[Result "1/2-1/2"]
[WhiteElo "3057"]
[BlackElo "2745"]
[TimeControl "180+1"]
[EndTime "8:55:25 PST"]
[Termination "Game drawn by repetition"]

1. d4 Nf6 2. c4 e6 3. Nf3 d5 4. Nc3 c6 5. e3 Bd6 6. Qc2 O-O 7.
Bd3 Nbd7 8. O-O Qc7 9. e4 dxe4 10. Nxe4 Nxe4 11. Bxe4 Nf6 12. c5 Be7 13. Bd3 h6 14.
Rb1 Nd5 15. a3 a5 16. Ne5 Bf6 17. Re1 Rd8 18. Bd2 Bd7 19. Bh7+ Kf8 20. Bd3 b6 21. Re4 bxc5 22. Qxc5+ Be7 23. Qc2 c5 24. Rc1 Rac8 25.
Qd1 Nf6 26. Rf4 Qb7 27. Bxa5 Re8 28. Bc3 cxd4 29. Rxd4 Bb5 30. Qe2 Bxd3 31. Rxd3 Red8 32. Rcd1 Rxd3 33. Rxd3 Nd5 34. Qe4 Bf6 35. h3 Qc7 36. Bd4 Kg8 37. Rd1 h5 38. Nf3 Bxd4 39. Qxd4 Nf6 40.
b4 Ra8 41. Ra1 Qc6 42. Ne5 Qb5 43. Qc5 Qe2 44. Qe3 Qb5 45. Qc5 Qe2 46. Nf3 Nd5 47. Qd4 Qb5 48. Qc5 Qd3 49. b5 Ra5 50. a4 Rxa4 51.
Rxa4 Qd1+ 52. Kh2 Qxa4 53. b6 Qf4+ 54. Kg1 Qb8 55. Ng5 Nxb6 56. Qb4 Qc7 57. Qb1 Nd5 58.
Qh7+ Kf8 59. Qh8+ Ke7 60. Qxg7 Qc1+ 61. Kh2 Qf4+ 62. Kg1 Qc1+ 63. Kh2 Qf4+ 64. Kh1 Qc1+ 65. Kh2 1/2-1/2

[Event "Early-Titled-Tuesday-Blitz-February-27-2024"]
[Site "Chess.com"]
[Date "2024.02.27"]
[Round "5"]
[White "romulocardoso"]
[Black "Logman74"]
[Result "1-0"]
[WhiteElo "2343"]
[BlackElo "2496"]
[TimeControl "180+1"]
[EndTime "8:55:25 PST"]
[Termination "romulocardoso won on time"]

1. e4 c5 2. Nf3 e6 3. d4 cxd4 4. Nxd4 a6 5. Bd3 Nc6 6. Nxc6 bxc6 7. O-O d5 8. Re1 Nf6 9. Bg5 Be7 10. e5 Nd7 11. Bxe7 Qxe7 12. Nd2 O-O 13. c3 c5 14. f4 Bb7 15. Nf3 g6 16. b3 Rfd8 17. Qe2 d4 18.
cxd4 cxd4 19. Ng5 Nc5 20. b4 Nxd3 21. Qxd3 Qxb4 22. Qh3 h5 23. Nxe6 fxe6 24. Qxe6+ Kg7 25. Qf6+ Kh7 26. f5 Qf8 27. fxg6+ Kh6 28. Qb6 Rab8 29. Rf1 Qg7 30. Rf7 Qxe5 31. g7+ Rd6 32. Qxb7 Rxb7 33. g8=Q Rxf7 34. Qxf7 Rg6 35. Qf8+ Kh7 36. Qf7+ Rg7 37.
Qf3 Qg5 38. Rd1 Rd7 39. Qd3+ Qg6 40. Qf3 d3 41. Rd2 Qb6+ 42. Qf2 Qb1+ 43. Qf1 Qb6+ 44. Qf2 Qd4 45. Qxd4 Rxd4 46. Kf2 Kg6 47. Ke3 Ra4 48. Kxd3 Kf5 49. Kc3 Kf4 50. Kb3 Re4 51. Kc3 Ke3 52.
Rd3+ Kf2 53. Rg3 h4 54. Rg8 Ra4 55. Kb3 Ra5 56. a4 Re5 57. Rg4 1-0

[Event "Early-Titled-Tuesday-Blitz-February-27-2024"]
[Site "Chess.com"]
[Date "2024.02.27"]
[Round "5"]
[White "blitzking1729"]
[Black "ChessLover0108"]
[Result "1-0"]
[WhiteElo "2721"]
[BlackElo "2956"]
[TimeControl "180+1"]
[EndTime "8:55:26 PST"]
[Termination "blitzking1729 won by resignation"]

1. c4 g6 2. Nc3 Bg7 3. g3 c5 4. Bg2 Nc6 5. e3 b6 6. Nge2 Bb7 7. O-O Nf6 8. d4 O-O 9. d5 Na5 10. Qd3 d6 11. b3 b5 12. cxb5 a6 13. Rb1 axb5 14.
Nxb5 Ba6 15. a4 Qb6 16. Nec3 Nd7 17. Rd1 Rfc8 18. Qc2 c4 19. bxc4 Nxc4 20. Nd4 Bxd4 21. Rxb6 Bxb6 22. Qb3 Nc5 23. Qa2 Ba5 24. Nb5 Nb6 25.
Nd4 Bc4 26. Qb1 Bxd5 27. Bxd5 Nxd5 28. Bd2 Bxd2 29. Rxd2 Nxa4 30. Qb7 Nac3 31. Nc6 e6 32. e4 Nxe4 33. Rxd5 exd5 34. Ne7+ Kg7 35. Nxc8 Ra1+ 36.
Kg2 Ra2 37. Qxd5 Rxf2+ 38. Kg1 Re2 39. Kf1 Rf2+ 40. Ke1 Re2+ 41. Kf1 Rf2+ 42. Kg1 Re2 43. Qd4+ Kh6 44. Kf1 Rf2+ 45. Ke1 Rf5 46. Qxe4 Re5 47. Nxd6 Rxe4+ 48. Nxe4 f5 49. Nd6 Kg5 50. Kf2 f4 51. Kf3 fxg3 52. Kxg3 Kh5 53. Nf7 g5 54. Ne5 h6 55. h3 g4 56. hxg4+ Kg5 57. Nf3+ Kg6 58. Kh4 Kf6 59. Kh5 Kg7 60. Nh4 Kf6 61. Nf5 Ke5 62. Nxh6 1-0

[Event "Early-Titled-Tuesday-Blitz-February-27-2024"]
[Site "Chess.com"]
[Date "2024.02.27"]
[Round "5"]
[White "124chess"]
[Black "Goryachkina"]
[Result "1/2-1/2"]
[WhiteElo "2527"]
[BlackElo "2688"]
[TimeControl "180+1"]
[EndTime "8:55:26 PST"]
[Termination "Game drawn by repetition"]

1. d4 Nf6 2. Bf4 d5 3. e3 e6 4. Nf3 Bd6 5. Bg3 c5 6. Nbd2 O-O 7. dxc5 Bxc5 8. c4 Nc6 9. a3 Be7 10. Be2 Bd7 11. O-O Rc8 12. Rc1 h6 13. b4 dxc4 14. Nxc4 Ne4 15. Qb3 Nxg3 16. hxg3 Bf6 17. Rfd1 Qe7 18.
Nd6 Rc7 19. Qd3 Bc8 20. Ne4 Rd7 21. Qb3 a6 22. Nxf6+ Qxf6 23. b5 axb5 24. Bxb5 Rxd1+ 25. Rxd1 Ne5 26. Nxe5 Qxe5 27. a4 Qc7 28. Qc4 Qb6 29.
Qd4 Qa5 30. Qd2 Qa7 31. e4 b6 32. Qd3 Qc7 33. Qd6 Qa7 34. e5 g6 35. Rc1 Ba6 36. Rc7 Qa8 37. Bc6 Qb8 38. Qe7 b5 39.
axb5 Bxb5 40. Rb7 Bxc6 41. Rxb8 Rxb8 42. Kh2 Bd5 43. g4 Rb2 44. Kg3 Rb3+ 45. f3 Rb2 46. Qh4 Kh7 47. Qd8 Kg7 48. Qf6+ Kg8 49. Qe7 Ra2 50. Qc5 Kg7 51. Qe7 Kg8 52. Qh4 Kg7 53. Qf6+ Kg8 54. Qd8+ Kg7 55. Qd6 Kg8 56. Kh3 Kg7 57.
Qe7 Kg8 58. g3 Rc2 59. Qf6 Rc3 60. Qd8+ Kg7 61. Qf6+ Kg8 62. Qd8+ Kg7 63. Qf6+ Kg8 1/2-1/2

[Event "Early-Titled-Tuesday-Blitz-February-27-2024"]
[Site "Chess.com"]
[Date "2024.02.27"]
[Round "5"]
[White "Zavgorodniy_Sergiy"]
[Black "joksijoksi"]
[Result "0-1"]
[WhiteElo "2623"]
[BlackElo "2498"]
[TimeControl "180+1"]
[EndTime "8:55:26 PST"]
[Termination "joksijoksi won by checkmate"]

1. d4 Nf6 2. c4 g6 3. Nc3 Bg7 4.
e4 d6 5. Be2 O-O 6. Nf3 e5 7.
O-O Na6 8. Bg5 h6 9. Be3 exd4 10. Nxd4 Nc5 11. f3 Re8 12. Qd2 a5 13. Rac1 Bd7 14. Rfd1 c6 15. b3 Qe7 16. Bf1 Rad8 17. Bf2 Nh5 18.
Rb1 Kh7 19. a3 Bc8 20. b4 axb4 21. axb4 Na6 22. b5 cxb5 23. Nd5 Qg5 24. Be3 Qh4 25. cxb5 Nc5 26. g3 Nxg3 27. hxg3 Qxg3+ 28. Qg2 Qh4 29. Bf2 Qh5 30. Ne2 Be5 31. Nc7 Rg8 32. f4 Bg7 33. Nd5 Rge8 34. Ng3 Qg4 35. Be2 Qe6 36. f5 gxf5 37. Nf4 Qe5 38. Nxf5 Bxf5 39. exf5 Qxf4 40. Bg4 Ne4 41. Bh4 Rc8 42. Rf1 Qe3+ 43. Kh1 Rc4 44. Rbe1 Qd3 45. Rf3 Qd4 46. Rfe3 Nf2+ 47. Bxf2 Rxe3 48.
Rxe3 Qxg4 49. Qxg4 Rxg4 50. Re7 Rf4 51. Bg3 Rxf5 52.
Rxb7 Be5 53. Bh4 Kg6 54. Kg2 Rf4 55. Be1 Rb4 56. Bf2 Rb2 57. Kf3 h5 58. b6 f5 59.
Rd7 Rb3+ 60. Kg2 Kg5 61. b7 h4 62. Ba7 d5 63. Rxd5 Rb2+ 64. Kf3 Bf4 65. b8=Q Bxb8 66. Bxb8 Rxb8 67. Rd7 Rb3+ 68. Kg2 Kg4 69. Rg7+ Kf4 70. Rh7 h3+ 71. Kf1 Kg3 72. Rg7+ Kf3 73. Rh7 Rb1# 0-1

[Event "Early-Titled-Tuesday-Blitz-February-27-2024"]
[Site "Chess.com"]
[Date "2024.02.27"]
[Round "5"]
[White "Adar_07"]
[Black "biostatistician"]
[Result "1-0"]
[WhiteElo "2796"]
[BlackElo "2563"]
[TimeControl "180+1"]
[EndTime "8:55:28 PST"]
[Termination "Adar_07 won by resignation"]

1. d4 Nf6 2. Bf4 d5 3. Nf3 c5 4. e3 Nc6 5. Nc3 a6 6. dxc5 Qa5 7. Qd2 Qxc5 8. O-O-O e6 9. Ne5 Nxe5 10. Bxe5 Be7 11.
e4 O-O 12. exd5 exd5 13. Bxf6 Bxf6 14. Nxd5 Be5 15. f4 Bb8 16. Qc3 Qxc3 17. bxc3 Be6 18. g3 Bd6 19. Kb2 Rfd8 20. Bg2 Kf8 21. Rhe1 Rac8 22. Rd2 Bc5 23. Red1 b6 24. Nc7 Rxd2 25. Nxe6+ fxe6 26. Rxd2 Rc7 27. Rd8+ Ke7 28. Rh8 h6 29. Be4 a5 30. g4 Kf7 31. Rd8 Be7 32. Rd3 Bf6 33.
Rf3 Ke7 34. Bg6 Rc4 35. Kb3 b5 36. a3 a4+ 37. Kb2 Kd6 38. Rd3+ Kc5 39. Rf3 Kb6 40. h4 Bxh4 41. Bd3 Rc5 42. Re3 Rc6 43. Re5 Rc5 44.
Rxe6+ Ka5 45. c4 bxc4 46. Be4 Bf6+ 47. Kc1 Rb5 48. Kd1 Rb1+ 49. Kd2 Rf1 50. Ke3 Ra1 51.
Ke2 Rxa3 52. g5 hxg5 53. fxg5 Bc3 54. Bd5 Kb4 55. Rc6 Be5 56. Rxc4+ Kb5 57. Re4 Ba1 58. Bf7 Rh3 59. Be8+ Kc5 60. Rxa4 Bd4 61. Bf7 Rg3 62.
Rc4+ Kb5 63. Rxd4 Rxg5 64. Rd5+ Rxd5 65. Bxd5 Kb4 66. c4 Kc3 67. Kf3 Kd4 68. Kg4 Kc5 69.
Kg5 1-0

[Event "Early-Titled-Tuesday-Blitz-February-27-2024"]
[Site "Chess.com"]
[Date "2024.02.27"]
[Round "5"]
[White "SuperBlitz2013"]
[Black "ValentinDragnev"]
[Result "1/2-1/2"]
[WhiteElo "2260"]
[BlackElo "2744"]
[TimeControl "180+1"]
[EndTime "8:55:30 PST"]
[Termination "Game drawn - insufficient material"]

1. e4 c5 2. Nf3 e6 3. d4 cxd4 4. Nxd4 a6 5. c4 Nf6 6. Nc3 Qc7 7. a3 b6 8. Be3 Bb7 9. f3 d6 10. Rc1 Nbd7 11. Be2 Be7 12. O-O O-O 13. Qd2 Rac8 14. Rfd1 Rfe8 15. Bf1 Qb8 16. b4 Bd8 17. Kh1 Bc7 18.
Bg1 d5 19. cxd5 exd5 20. Nxd5 Nxd5 21. exd5 Bf4 22. Rxc8 Rxc8 23. Qf2 Nf6 24. Nc6 Bxc6 25. dxc6 b5 26. Qb6 Qa8 27. Qb7 Ne8 28. Qxa8 Rxa8 29. g3 Bd6 30. Bh3 Kf8 31. Bc5 Bxc5 32. bxc5 Ra7 33.
Rd7 Rc7 34. Rxc7 Nxc7 35. Kg2 a5 36. Kf2 Ke7 37. Ke3 Kd8 38. Kd4 Ne6+ 39. Kd5 Kc7 40. Bf1 b4 41. axb4 axb4 42. Bc4 Nd8 43. Bb5 b3 44.
Ba4 b2 45. Bc2 Nxc6 46. Kc4 Ne5+ 47. Kc3 Nxf3 48. Kxb2 Nxh2 49. Bxh7 Nf1 50. Bg8 f6 51. g4 Ne3 52. Kc3 Nxg4 53. Kd4 Ne5 54. Kd5 Kd7 55. Be6+ Ke7 56. Bf5 g6 57. Bh3 g5 58. c6 g4 59.
Bg2 Kd8 60. Kd6 Nf7+ 61. Ke6 Ne5 62. Kxf6 Nc4 63. Kg5 Ne3 64. Be4 g3 65. Kf4 g2 66.
Bxg2 Nxg2+ 67. Kg3 Ne3 68. Kf3 Nd5 69. Ke4 Nb6 70.
Ke5 Kc7 71. Ke6 Kxc6 1/2-1/2

[Event "Early-Titled-Tuesday-Blitz-February-27-2024"]
[Site "Chess.com"]
[Date "2024.02.27"]
[Round "5"]
[White "shimastream"]
[Black "DeArron_Fox"]
[Result "1-0"]
[WhiteElo "2952"]
[BlackElo "2525"]
[TimeControl "180+1"]
[EndTime "8:55:34 PST"]
[Termination "shimastream won on time"]

1. e4 c5 2. Nf3 e6 3. d4 cxd4 4. Nxd4 a6 5. Nc3 b5 6. Bd3 Bb7 7. O-O Nc6 8. Nf3 Qc7 9. Re1 Bb4 10. Bd2 Nge7 11. a4 bxa4 12. Rxa4 O-O 13. e5 Ng6 14.
Qe2 d6 15. exd6 Bxd6 16. Rg4 Nce5 17. Nxe5 Nxe5 18. Rh4 Nxd3 19. Qxd3 g6 20. Qh3 Rfd8 21.
Bg5 Be7 22. Bxe7 Qxe7 23. Rxh7 Qf6 24. Qh4 Qxh4 25. Rxh4 Rd2 26. Rc1 a5 27. Kf1 Bc6 28. Ke1 Rd7 29. f3 Rb7 30. b3 Rb4 31. Rxb4 axb4 32.
Ne2 Rc8 33. Nf4 Bb5 34. Kd2 Rd8+ 35. Ke3 e5 36. Nd3 Bxd3 37. cxd3 Ra8 38. Rc4 Ra2 39. g4 Rxh2 40. Rxb4 f5 41. gxf5 gxf5 42. d4 f4+ 43. Kd3 Rf2 44. Ke4 Re2+ 45. Kf5 Re3 46. Kg4 exd4 47.
Kxf4 Rc3 48. Ke4 Re3+ 49. Kf4 Rc3 50. Rb7 d3 51. Ke3 d2+ 52. Kxd2 Rxf3 53. Kc2 Kf8 54. Rd7 Ke8 55. Rd4 Ke7 56. Kb2 Rf8 57. b4 Rb8 58.
Kb3 Ke6 59. Kc4 Rc8+ 60. Kb5 Rb8+ 61. Kc6 Rc8+ 62. Kb7 Rc3 63. b5 Ke5 64. Rd1 Rb3 65. b6 Ke6 66. Kc7 Rc3+ 67. Kb8 Rb3 68. b7 Rc3 69. Ra1 Ke7 70. Ka8 1-0

[Event "Early-Titled-Tuesday-Blitz-February-27-2024"]
[Site "Chess.com"]
[Date "2024.02.27"]
[Round "5"]
[White "kleinebeer98"]
[Black "GHANDEEVAM2003"]
[Result "0-1"]
[WhiteElo "2886"]
[BlackElo "3030"]
[TimeControl "180+1"]
[EndTime "8:55:36 PST"]
[Termination "GHANDEEVAM2003 won on time"]

1. e4 e6 2. d4 b6 3. Nc3 Bb7 4. Nf3 Bb4 5. Bd3 Nf6 6. Qe2 d5 7. exd5 Qxd5 8. Bf4 Nc6 9. a3 Nxd4 10. Nxd4 Qxd4 11. Be5 Bxc3+ 12. bxc3 Qc5 13. O-O O-O-O 14. a4 a5 15. Rab1 Qc6 16. f3 Nd5 17. c4 Nb4 18.
Kh1 f6 19. Bg3 Nxd3 20. cxd3 e5 21. Rfc1 Qxa4 22. c5 b5 23. c6 Ba6 24. Ra1 Qb4 25.
Be1 Qf4 26. Bxa5 b4 27. Bxb4 Rxd3 28. Bd2 Qxd2 29. Qxd2 Rxd2 30. Rxa6 Rb2 31. Rd1 Rb8 32. h4 Rd8 33. Rda1 Rd6 34. Kh2 Kd8 35. Re1 h5 36. f4 exf4 37. Ra5 Rxc6 38. Rxh5 Kd7 39. Rh7 Rg8 40. h5 Re6 41. Rd1+ Rd6 42. h6 Ke6 43. Rxg7 Rxg7 44. hxg7 Kf7 45. Rc1 c6 46. Rc4 Kxg7 47. Rxf4 c5 48. Kg3 Kf7 49. Rc4 Rc6 50. Kf4 Ke6 51. Ke4 f5+ 52. Kf4 Kd5 53. Rc1 Rg6 54. Rc2 Rf6 55. Kg5 Rf8 56. Kg6 c4 57.
Kg7 Ra8 58. Kf6 f4 59. Kf5 Rf8+ 60. Kg4 Kd4 61. Rd2+ Ke3 62. Rd7 Rg8+ 63. Kh3 c3 64.
Rd6 Rg3+ 65. Kh2 c2 66. Rc6 Kd2 67. Rc4 c1=Q 68. Rxc1 Kxc1 0-1

[Event "Early-Titled-Tuesday-Blitz-February-27-2024"]
[Site "Chess.com"]
[Date "2024.02.27"]
[Round "5"]
[White "LLariMarc"]
[Black "sathvikadiga"]
[Result "1/2-1/2"]
[WhiteElo "2355"]
[BlackElo "2545"]
[TimeControl "180+1"]
[EndTime "8:55:37 PST"]
[Termination "Game drawn - insufficient material"]

1. d4 Nf6 2. Nf3 g6 3. c4 Bg7 4. Nc3 d6 5. g3 O-O 6. Bg2 Nc6 7. O-O e5 8. dxe5 dxe5 9. Qxd8 Rxd8 10. Bg5 Be6 11. b3 h6 12. Bxf6 Bxf6 13. Rad1 Bg7 14. Nd5 Rd7 15. Nd2 f5 16. Nb1 Rad8 17. Nbc3 e4 18. Nb5 Bxd5 19. cxd5 Rxd5 20. Rxd5 Rxd5 21.
Nxc7 Rd2 22. e3 Rxa2 23. g4 Ne5 24. gxf5 gxf5 25. Ne6 Kf7 26. Nd8+ Kg6 27. Nxb7 Nd3 28. Nd6 Bc3 29. f3 Ne1 30. Bh1 Bd2 31. Nc4 exf3 32. Nxd2 Rxd2 33. Bxf3 Nxf3+ 34. Rxf3 Rd3 35. Kf2 Rxb3 36. Rf4 Rb2+ 37. Kg3 Re2 38. Kf3 Rxh2 39. Ra4 Rh3+ 40. Kf2 h5 41. Rxa7 h4 42. Ra8 Kh5 43. Rh8+ Kg5 44. Rg8+ Kf6 45. Rh8 Kg7 46. Rh5 Kg6 47. Rh8 Rh2+ 48. Kg1 Rh3 49. Kg2 Rxe3 50. Rxh4 Kg5 51. Ra4 f4 52. Ra8 Rb3 53. Kf2 Kf5 54.
Rf8+ Ke5 55. Re8+ Kd4 56. Rf8 Ke4 57. Re8+ Kd3 58. Kf3 Rb4 59. Ra8 Kc3 60. Rc8+ Rc4 61. Rd8 Rd4 62. Ra8 Kd2 63. Ra2+ Kc3 64. Ra3+ Kb4 65.
Ra8 Rc4 66. Rb8+ Kc3 67. Ra8 Kd3 68. Rd8+ Rd4 69. Ra8 Kc4 70. Ra4+ Kd5 71. Ra5+ Ke6 72. Ra6+ Ke5 73. Ra5+ Rd5 74. Ra3 Kf5 75. Ra8 Rd3+ 76.
Kf2 Rb3 77. Rf8+ Ke4 78. Re8+ Kd5 79. Rd8+ Ke5 80. Re8+ Kd4 81. Rd8+ Kc3 82. Kf3 Rb4 83. Ra8 Kb3 84. Rd8 Rc4 85. Rb8+ Kc3 86. Re8 Kd3 87. Rd8+ Rd4 88. Ra8 Kc4 89. Ra4+ Kd5 90. Ra5+ Ke6 91. Rg5 Kf6 92. Rc5 Ke6 93. Rb5 Rd5 94. Rb8 Kf5 95. Rf8+ Ke5 96. Rxf4 Rd3+ 97. Kg4 Rd4 98. Rxd4 Kxd4 1/2-1/2

[Event "Early-Titled-Tuesday-Blitz-February-27-2024"]
[Site "Chess.com"]
[Date "2024.02.27"]
[Round "5"]
[White "Zkid"]
[Black "MyDream003"]
[Result "0-1"]
[WhiteElo "2913"]
[BlackElo "2720"]
[TimeControl "180+1"]
[EndTime "8:55:38 PST"]
[Termination "MyDream003 won by resignation"]

1. e4 e5 2. Nf3 Nc6 3. Bb5 Nf6 4. d3 Bc5 5. Bxc6 dxc6 6. O-O Qe7 7.
Bg5 h6 8. Bh4 Bg4 9. h3 Bh5 10.
Nbd2 g5 11. Bg3 Bd6 12. d4 Nd7 13. Nc4 f6 14. Ne3 O-O-O 15. Nf5 Qf8 16. Qd3 g4 17. hxg4 Bxg4 18. N3h4 Rg8 19. Qe3 Bxf5 20. Nxf5 h5 21.
dxe5 Bc5 22. Qc3 fxe5 23. Rad1 Bb6 24. Bh4 Re8 25. Qh3 Rg4 26. Kh2 Nf6 27. Bxf6 Qxf6 28. f3 Rgg8 29. Nd6+ Kb8 30. Nxe8 Rxe8 31. Rd7 a6 32.
Rfd1 Ka7 33. Rh7 Rg8 34. Rxh5 Qf4+ 35. Kh1 a5 36. Rf5 Qe3 37. Rxe5 Qe2 38. Rc1 Qd2 39. Rf1 Qxc2 40. Qh5 Qxb2 41. g4 Qc3 42. Rf5 Rh8 43. Kg2 Rxh5 44. gxh5 Qb2+ 45. Kg3 Qg7+ 46. Kh4 Qe7+ 47. Kh3 Qg7 48. f4 Qc3+ 49. Kg4 Qd3 50. Rf3 Qxe4 51. h6 Qe6 52. Rh3 Qg6+ 53. Rg5 Qe6+ 54.
f5 Qe4+ 55. Kh5 Bd4 56. h7 Qe8+ 57. Rg6 Qf7 58. Kg5 Qe7+ 59. Kh5 Qf7 60. Kg5 Bh8 61.
Re3 Qxh7 62. Rh6 Qg7+ 63. Kh5 Qf7+ 64. Kg4 Bg7 65. Rg6 Qf8 66. Ree6 Bb2 67. f6 Qb4+ 68.
Kf5 Qc5+ 69. Kg4 Qc4+ 70. Kh5 Qxe6 71. Kh6 Qxf6 0-1

[Event "Early-Titled-Tuesday-Blitz-February-27-2024"]
[Site "Chess.com"]
[Date "2024.02.27"]
[Round "5"]
[White "Josetricks"]
[Black "HATilay"]
[Result "1/2-1/2"]
[WhiteElo "2484"]
[BlackElo "2624"]
[TimeControl "180+1"]
[EndTime "8:55:42 PST"]
[Termination "Game drawn - insufficient material"]

1. e4 c5 2. c3 Nf6 3. e5 Nd5 4. d4 cxd4 5. Nf3 d6 6. Qxd4 e6 7. Nbd2 Nc6 8. Bb5 Bd7 9. Bxc6 Bxc6 10. Nc4 dxe5 11. Ncxe5 Rc8 12. O-O a6 13. Re1 Be7 14. Nxc6 Rxc6 15. Qxg7 Bf6 16. Qh6 Rg8 17. Qxh7 Ke7 18.
Nd4 Bxd4 19. cxd4 Rg4 20. Qh5 Nf6 21. Bg5 Qxd4 22. Bxf6+ Kxf6 23. Rad1 Qf4 24. Qh8+ Rg7 25. Qd8+ Kg6 26. g3 Qf6 27. Qd3+ Kh6 28. Re4 Rg6 29. Rf4 Qxf4 30. Qxg6+ Kxg6 31. gxf4 Rc4 32. Rd7 b5 33. f5+ exf5 34. Rd6+ Kg5 35. Rxa6 Rc2 36. b3 Kg4 37. Kg2 f4 38. h3+ Kf5 39. Rb6 Rxa2 40. Rxb5+ Ke4 41.
Rb4+ Kf5 42. Kf3 Rb2 43. Rxf4+ Ke5 44. Rb4 f5 45. h4 Rb1 46. Rb8 Rh1 47. Rb4 Rb1 48. Kg3 Rg1+ 49. Kh2 Rf1 50. Kg2 Rb1 51. h5 Kf6 52. Rb5 Kg5 53. Kg3 Rg1+ 54. Kh2 Rb1 55. h6 Kxh6 56. Rxf5 Rxb3 57. Rf8 Kg5 58. Rg8+ Kf6 59.
Kg2 Rb2 60. Rc8 Kf7 61. Rc6 Ra2 62. Kg3 Rb2 63. f4 Rb5 64. Kg4 Ra5 65. f5 Ra1 66.
Kg5 Rg1+ 67. Kf4 Rf1+ 68. Ke4 Re1+ 69. Kd3 Rd1+ 70. Ke2 Rd5 71. f6 Re5+ 72. Kf3 Re6 73. Rxe6 Kxe6 74. f7 Kxf7 1/2-1/2

[Event "Early-Titled-Tuesday-Blitz-February-27-2024"]
[Site "Chess.com"]
[Date "2024.02.27"]
[Round "5"]
[White "GlavkonVVS"]
[Black "Iunusovnuriddin"]
[Result "1/2-1/2"]
[WhiteElo "2550"]
[BlackElo "2369"]
[TimeControl "180+1"]
[EndTime "8:55:42 PST"]
[Termination "Game drawn by repetition"]

1. c4 d6 2. Nc3 Nf6 3. g3 g6 4.
Bg2 Bg7 5. d4 O-O 6. Nf3 Nc6 7. O-O e5 8. e3 exd4 9. exd4 Bf5 10.
Bg5 Qd7 11. Qd2 Ne4 12. Nxe4 Bxe4 13. Be3 d5 14. c5 a5 15. a3 a4 16. Rfe1 Na5 17. Qc3 Nc4 18. Bf4 b6 19. cxb6 cxb6 20.
Ne5 Nxe5 21. Bxe4 Nc6 22. Bg2 Nxd4 23. Qd3 Rac8 24. Rad1 Rfe8 25. Be3 Nf5 26. Bxb6 Rxe1+ 27. Rxe1 d4 28. Ba5 h5 29. Be4 Nd6 30. Bd5 Nb7 31.
Bxb7 Qxb7 32. Bb4 Qd5 33. Qa6 Rc2 34. Qxa4 Qf5 35. Rf1 d3 36. Qe8+ Kh7 37. Bc3 d2 38. Qe2 Bxc3 39. bxc3 Qd5 40. Rd1 Rxc3 41. Qxd2 Qc5 42.
Qd7 Rf3 43. Qd4 Qc2 44. Rd2 Qc1+ 45. Kg2 Qc6 46. Qd5 Qxd5 47. Rxd5 Rxa3 48. Rd7 Kg7 49. h4 Ra2 50. Rd3 Ra4 51. Re3 Kf6 52. Rf3+ Ke6 53. Re3+ Kf5 54. Rf3+ Ke6 55. Re3+ Kd6 56.
Rf3 f5 57. Re3 Re4 58. Ra3 Kd5 59. Kf3 Re6 60. Ra5+ Kd4 61. Ra4+ Ke5 62. Ra5+ Kf6 63. Kg2 Rb6 64. Kf3 Rb3+ 65. Kg2 Rb6 66. Kf3 Rc6 67.
Kg2 Rc3 68. Ra6+ Kg7 69. Ra7+ Kf6 70. Ra6+ Kg7 71. Ra7+ Kf6 72. Ra6+ 1/2-1/2

[Event "Early-Titled-Tuesday-Blitz-February-27-2024"]
[Site "Chess.com"]
[Date "2024.02.27"]
[Round "5"]
[White "Barbix1"]
[Black "NastyaHn"]
[Result "0-1"]
[WhiteElo "2270"]
[BlackElo "2457"]
[TimeControl "180+1"]
[EndTime "8:55:42 PST"]
[Termination "NastyaHn won on time"]

1. e4 e6 2. d4 d5 3. Nc3 Bb4 4. e5 c5 5. a3 Bxc3+ 6. bxc3 Ne7 7. Qg4 Qc7 8. Qxg7 Rg8 9. Qxh7 cxd4 10. Qd3 Qxe5+ 11.
Ne2 dxc3 12. Qxc3 Qxc3+ 13. Nxc3 a6 14. g3 Nbc6 15. h4 e5 16. h5 Be6 17. h6 f6 18. Bd3 Kf7 19. Bb2 Rac8 20. O-O-O b5 21. Rh4 Rb8 22. Rdh1 b4 23. axb4 Nxb4 24. Ba3 Nxd3+ 25.
cxd3 Rb3 26. Bxe7 Kxe7 27. Kc2 Rb7 28. h7 Rh8 29. g4 Rc7 30. Kd2 Kf7 31. Ne2 Rb7 32.
Ng3 Rb2+ 33. Kc1 Rxf2 34. R1h3 a5 35. Rh6 Bxg4 36. R3h4 Be6 37. Nh5 d4 38. Rh1 Bg4 39. Rg1 Bxh5 40. Rxh5 a4 41. Kb1 a3 42. Ka1 Rf3 43. Rh6 Rf2 44. Rgg6 a2 45. Rg1 e4 46. dxe4 d3 47. e5 fxe5 48. Rc1 Kg7 49. Rh3 e4 50. Rc7+ Kf6 51. Rc6+ Ke5 52. Rh5+ Kd4 53.
Rd6+ Ke3 54. Rh3+ Rf3 55. Rh1 Ke2 56. Re6 e3 57. Reh6 d2 58. R6h2+ Rf2 59. Rh6 d1=Q+ 60. Rxd1 Kxd1 61. Rd6+ Ke2 62. Re6 Rf1+ 63. Kxa2 Rxh7 0-1

[Event "Early-Titled-Tuesday-Blitz-February-27-2024"]
[Site "Chess.com"]
[Date "2024.02.27"]
[Round "5"]
[White "Fighter008"]
[Black "Kimkibo"]
[Result "1-0"]
[WhiteElo "2536"]
[BlackElo "2166"]
[TimeControl "180+1"]
[EndTime "8:55:43 PST"]
[Termination "Fighter008 won on time"]

1. b3 Nf6 2. Bb2 d5 3. e3 Bf5 4. Nf3 h6 5. c4 e6 6. Nc3 c6 7. Be2 Bd6 8. O-O Nbd7 9. d3 O-O 10. Qc2 Bh7 11. Rfe1 Re8 12. Rad1 Qc7 13. Bf1 Rac8 14.
a3 Ne5 15. Nxe5 Bxe5 16. h3 Bd6 17. Ne2 Rcd8 18. Bxf6 gxf6 19. f4 Bf8 20. b4 a5 21.
Qb2 axb4 22. axb4 Qb6 23. Ng3 Qxb4 24. Qxf6 Bg7 25. Qh4 Ra8 26. Nh5 Ra2 27. Qg3 Bg6 28.
Nxg7 Kxg7 29. e4 dxe4 30. dxe4 Qa3 31. Rd3 Qc5+ 32. Rde3 f5 33. exf5 exf5 34. Kh2 Rxe3 35. Rxe3 Ra1 36. Bd3 Kf7 37. Qf3 h5 38. Kg3 Ra2 39.
Kh2 h4 40. Re1 Qd4 41. c5 Qxc5 42. Re5 Qd4 43. Bxf5 Bxf5 44. Rxf5+ Ke7 45. Re5+ Kd8 46. Re3 Rd2 47. Re4 Qd6 48. Qe3 Kc7 49. Re5 Rd3 50.
Qe1 Qd4 51. Qxh4 Kb6 52. Qf6 Rd1 53. Qe7 Qg1+ 54. Kg3 Qd4 55. Re4 Rd3+ 56. Kg4 Qd7+ 57. Qxd7 Rxd7 58. f5 c5 59. f6 Kb5 60. Kf5 c4 61. Ke6 Rd8 62. f7 c3 63. Re1 1-0

[Event "Early-Titled-Tuesday-Blitz-February-27-2024"]
[Site "Chess.com"]
[Date "2024.02.27"]
[Round "5"]
[White "DamianoLew95"]
[Black "Seochesspie"]
[Result "1-0"]
[WhiteElo "2682"]
[BlackElo "2844"]
[TimeControl "180+1"]
[EndTime "8:55:44 PST"]
[Termination "DamianoLew95 won by resignation"]

1. e4 c5 2. Nf3 d6 3. Bb5+ Nd7 4. O-O a6 5. Bd3 g6 6. Re1 Bg7 7. Bf1 Ngf6 8. c3 O-O 9. d4 e5 10. Nbd2 b5 11. a4 Rb8 12. axb5 axb5 13. d5 c4 14. b3 cxb3 15. Nxb3 Qc7 16. Bd2 Nc5 17. Nxc5 Qxc5 18. Qb3 Ng4 19. Re2 Bd7 20. h3 Nf6 21. Be3 Qc7 22.
Ra7 Rb7 23. Rxb7 Qxb7 24. Bg5 Qc7 25. Bxf6 Bxf6 26. Rb2 Rb8 27. c4 b4 28. Ne1 Bd8 29.
Nd3 Qa5 30. Nxb4 Bb6 31. Qa2 Bxf2+ 32. Kxf2 Qc5+ 33. Kf3 Rxb4 34. Qa3 Rxb2 35. Qxb2 f5 36. Qb8+ Kf7 37. Bd3 Qd4 38. Qb3 Kf6 39. Bc2 fxe4+ 40. Bxe4 Bf5 41. Bxf5 gxf5 42. Ke2 e4 43. Qb5 Ke5 44.
Qe8+ Kf4 45. Qh5 Qxc4+ 46. Ke1 Qc1+ 47. Ke2 Qe3+ 48. Kf1 Qd3+ 49. Kg1 Qxd5 50. Qh4+ Ke5 51. Qg3+ Kd4 52. Qf4 Qe5 53. Qd2+ Kc5 54. Qa5+ Kc6 55. Qa8+ Kd7 56. Qb7+ Ke6 57. Qxh7 Kd5 58. Qb7+ Ke6 59. Qc8+ Kf6 60. Qh8+ Kg5 61. Qg8+ Kf4 62. Qb3 e3 63. Qc4+ Qe4 64. Qc7 Qd4 65. Kh2 e2 66. Qe7 Qe5 67.
Qh4+ Ke3+ 68. Kg1 Kd2 69. Qb4+ Qc3 70. Qxd6+ Qd3 71. Qb4+ Kd1 72. Kf2 Qd2 73. Qb1+ Qc1 74. Qxc1+ 1-0